 Dungeon Sprint DCSS version 0.32-a0-886-g41c5271027 (webtiles) character file.

Game seed: 4326254471598570406

501 ragingrage the Basher (level 6, -1/68 HPs)
             Began as a Minotaur Gladiator on Apr 3, 2024.
             Was a Follower of Okawaru.
             Slain by a shadow (14 damage)
             ... in the Dungeon (Sprint IX: "|||||||||||||||||||||||||||||").
             The game lasted 00:00:56 (187 turns).

ragingrage the Basher (Minotaur Gladiator)           Turns: 187, Time: 00:00:57

Health: -1/68      AC: 12    Str: 21    XL:     6   Next: 95%
Magic:  5/5        EV:  9    Int:  5    God:    Okawaru [*.....]
Gold:   0          SH:  0    Dex: 11    Spells: 5/5 levels left

rFire   . . .        o - +2 morningstar (heavy)
rCold   . . .        (no shield)
rNeg    . . .        s - +1 scale mail
rPois   .            c - +0 hat
rElec   .            (no cloak)
rCorr   .            (no gloves)
SInv    .            p - +0 pair of boots
Will    .....        (no amulet) Stlth
                     q - +2 ring of protection
HPRegen 0.31/turn    r - +2 ring of protection
MPRegen 0.09/turn

%: no teleportation
@: invisible
A: horns 2, retaliatory headbutt
a: Renounce Religion, Heroism


You were in the Dungeon.
You worshipped Okawaru.
Okawaru was aware of your devotion.
You visited 1 branch

Inventory:

Hand Weapons
 a - a +0 flail
 m - the +9 sword of Zonguldrok {reap}
   (You found it in the Dungeon)
 o - a +2 heavy morningstar (weapon)
Missiles
 d - 3 throwing nets (quivered)
Armour
 c - a +0 hat (worn)
 p - a +0 pair of boots (worn)
 s - a +1 scale mail (worn)
Jewellery
 q - a +2 ring of protection (left hand)
 r - a +2 ring of protection (right hand)
Wands
 n - a wand of warping (10)
Scrolls
 k - 2 scrolls of blinking
 l - 2 scrolls of amnesia
Potions
 f - 5 potions of curing
 g - 3 potions of heal wounds
 h - a potion of haste
 i - 4 potions of magic


   Skills:
 + Level 11.6 Fighting
 - Level 14.0 Maces & Flails
 - Level 2.0 Throwing
 - Level 3.2 Dodging


You had 5 spell levels left.
You didn't know any spells.
Your spell library was empty.

Dungeon Overview and Level Annotations

Branches:
Dungeon (1/1)

Altars:
Cheibriados
Dithmenos
Elyvilon
Fedhas
Gozag
Hepliaklqana
Kikubaaqudgha
Makhleb
Nemelex Xobeh
Okawaru
Qazlal
Ru
Sif Muna
Trog
Uskayaw
Vehumet
Wu Jian
Xom
Yredelemnul
Zin
The Shining One
Beogh
Jiyva
Lugonu


Innate Abilities, Weirdness & Mutations

You have a pair of horns on your head.
You reflexively headbutt those who attack you in melee.


Message History

You can now gain great but temporary skills.
The troll leather armour is intact enough to wear.
The killer bee stings you but does no damage.
The killer bee closely misses you.
Your Fighting skill gained 3 levels and is now at level 9!
Your Maces & Flails skill gained 4 levels and is now at level 13!
You have reached level 5!
You have reached level 6!
You are too injured to fight recklessly!
Okay, then.
You puncture the killer bee!
You kill the killer bee!
Okawaru accepts your kill.
You catch the helpless kobold brigand completely off-guard!
You bludgeon the kobold brigand!!
A magic dart appears from out of thin air!
The magic dart hits the kobold brigand.
The kobold brigand dies!
Training target 14.0 for Maces & Flails reached!
Your Fighting skill increases to level 10!
Your Maces & Flails skill increases to level 14!
Something hits you.
* * * LOW HITPOINT WARNING * * *
There is an open door to the Dungeon, spattered with blood here.
Items here: ( ) [ †.
You bludgeon something!! Okawaru accepts your kill.
Reactivating autopickup.
You feel a bit more experienced.
You sock the gnoll sergeant!
The gnoll sergeant hits you but does no damage.
You catch the helpless gnoll sergeant completely off-guard!
You skewer the gnoll sergeant like a kebab!!!
You kill the gnoll sergeant!
Okawaru accepts your kill.
Your Fighting skill increases to level 11!
Deactivating autopickup; reactivate with Ctrl-A.
You bludgeon something!! You headbutt something.
The shadow strikes at you from the darkness!
You die...

▓.▓
▓)▓
▓.▓
▓[▓
▓.▓
▓[▓
▓.▓
▓.▓
▓@▓
▓{▓
▓.▓
▓.▓
▓.▓
▓.▓
▓(▓
▓+▓


There were no monsters in sight!

Vanquished Creatures
  A troll (D)
  A gnoll sergeant (D)
  A killer bee (D)
  A sleepcap (D)
  A hound (D)
  An iguana (D)
  An orc wizard (D)
  A gnoll (D)
  An adder (D)
  3 bats (D)
  A quokka (D)
  A ball python (D)
14 creatures vanquished.

Vanquished Creatures (others)
  A kobold brigand (D)
1 creature vanquished.

Grand Total: 15 creatures vanquished

Notes
Turn   | Place    | Note
-------+----------+-------------------------------------------
     0 | D        | ragingrage the Minotaur Gladiator began the quest for the
                  | Orb.
     0 | D        | Reached XP level 1. HP: 18/18 MP: 0/0
     7 | D        | Reached skill level 4 in Maces & Flails
    11 | D        | Reached skill level 5 in Maces & Flails
    35 | D        | Noticed a hound
    35 | D        | Noticed an iguana
    35 | D        | Noticed a sleepcap
    37 | D        | Reached XP level 2. HP: 27/27 MP: 1/1
    40 | D        | Reached skill level 5 in Fighting
    40 | D        | Reached skill level 7 in Maces & Flails
    40 | D        | Reached XP level 3. HP: 36/36 MP: 2/2
    45 | D        | Reached skill level 8 in Maces & Flails
    45 | D        | Reached XP level 4. HP: 42/44 MP: 3/3
    48 | D        | Reached skill level 9 in Maces & Flails
    96 | D        | Found a roughly hewn altar of Beogh.
    96 | D        | Found a snail-covered altar of Cheibriados.
    96 | D        | Found a shadowy altar of Dithmenos.
    96 | D        | Found a white marble altar of Elyvilon.
    96 | D        | Found a blossoming altar of Fedhas.
    96 | D        | Found an opulent altar of Gozag.
    97 | D        | Found a hazy altar of Hepliaklqana.
    98 | D        | Found a viscous altar of Jiyva.
    99 | D        | Found an ancient bone altar of Kikubaaqudgha.
   100 | D        | Found a corrupted altar of Lugonu.
   101 | D        | Found a burning altar of Makhleb.
   102 | D        | Found a sparkling altar of Nemelex Xobeh.
   103 | D        | Found an iron altar of Okawaru.
   104 | D        | Found a stormy altar of Qazlal.
   105 | D        | Found a sacrificial altar of Ru.
   106 | D        | Found a shimmering blue altar of Sif Muna.
   107 | D        | Found a bloodstained altar of Trog.
   108 | D        | Found a hide-covered altar of Uskayaw.
   109 | D        | Found a radiant altar of Vehumet.
   110 | D        | Found an ornate altar of the Wu Jian Council.
   111 | D        | Became a worshipper of Warmaster Okawaru
   112 | D        | Found a shimmering altar of Xom.
   113 | D        | Found a basalt altar of Yredelemnul.
   114 | D        | Found a glowing silver altar of Zin.
   115 | D        | Found a glowing golden altar of the Shining One.
   123 | D        | Found the +9 sword of Zonguldrok {reap}
   175 | D        | Noticed a troll
   175 | D        | Noticed a kobold brigand
   175 | D        | Noticed a gnoll sergeant
   175 | D        | Noticed a shadow
   180 | D        | Killed a troll
   180 | D        | Reached * piety under Okawaru
   181 | D        | Reached skill level 13 in Maces & Flails
   181 | D        | Reached XP level 5. HP: 10/57 MP: 4/4
   181 | D        | Reached XP level 6. HP: 12/64 MP: 5/5
   183 | D        | Reached skill level 10 in Fighting
   183 | D        | Reached skill level 14 in Maces & Flails
   187 | D        | Slain by a shadow

Illustrated notes

Levels and vault maps discovered:
D:        linesprint [early_d, line_temple, items_1, d_10, items_2, lair_1,
          lair_end, items_3, orc_1, orc_end, items_4, d_15, swamp_1, shoals_1,
          snake_1, spider_1, d_20, vaults_1, items_5, swamp_end, shoals_end,
          snake_end, spider_end, vaults_end, d_27, items_6, zot_1, zot_end,
          crypt_end, forest_end, elf_end, slime_end, tomb_end, abyss_end,
          pan_hell_end]

Skill      XL: |  1  2  3  4  5  6 |
---------------+-------------------+-----
Fighting       | 4 5 9 11 | 11.6
Maces & Flails | 5 7 8 13 14 | 14.0
Throwing       | |  2.0
Dodging        | |  3.2

Action                     |  1- 3 |  4- 6 || total
---------------------------+-------+-------++-------
  Melee: Flail             |    15 |     4 ||    19
         Headbutt          |     4 |     3 ||     7
         Morningstar       |       |     9 ||     9
  Throw: Javelin           |       |     1 ||     1
    Use: Potion            |     1 |     1 ||     2
   Stab: Invisible         |       |     2 ||     2
 Armour: Leather armour    |    14 |       ||    14
         Scale mail        |       |    13 ||    13
  Dodge: Dodged            |     6 |    12 ||    18

Table legend: (Time is in decaauts)
 A = Elapsed time spent in this place.
 B = Non-inter-level travel time spent in this place.
 C = Inter-level travel time spent in this place.
 D = Time resting spent in this place.
 E = Time spent auto-exploring this place.
 F = Levels seen in this place.
 G = Mean time per level.
                   A        B        C        D        E       F      G
               +--------+--------+--------+--------+--------+-----+--------+
         Total |    201 |    201 |      0 |     67 |      7 |   1 |  201.0 |
       Dungeon |    201 |    201 |      0 |     67 |      7 |   1 |  201.0 |
               +--------+--------+--------+--------+--------+-----+--------+

Top non-repeatable levels by time:
       D: 201 daAuts
